 Dungeon Crawl Stone Soup version 0.31.0-11-ge490571c62 (webtiles) character file.

Game seed: 13270881168216445265

532 Rassilon the Apothecary (level 7, -3/46 HPs)
             Began as a Demonspawn Alchemist on Feb 10, 2024.
             Succumbed to an orc wizard's poison
             ... on level 5 of the Dungeon.
             The game lasted 00:16:45 (3640 turns).

Rassilon the Apothecary (Demonspawn Alchemist)      Turns: 3640, Time: 00:16:46

Health: -3/46      AC:  4    Str:  9 (10) XL:     7   Next: 4%
Magic:  2/12       EV: 17    Int: 15      God:
Gold:   205        SH:  0    Dex: 14      Spells: 5/13 levels left

rFire   . . .        c - +0 whip (drain)
rCold   . . .        (no shield)
rNeg    . . .        d - +0 leather armour
rPois   .            (helmet restricted)
rElec   .            (no cloak)
rCorr   .            k - +0 pair of gloves
SInv    .            (no boots)
Will    .....        (no amulet)
Stlth   ++           (no ring)
HPRegen 0.27/turn    (no ring)
MPRegen 0.13/turn

%: no passive effects
@: agile, lethally poisoned (-3 -> -24)
A: horns 1, powered by death 1, powered by pain 2, deterioration 1, mutation
resistance 1
a: no special abilities


You were on level 5 of the Dungeon.
You visited 2 branches of the dungeon, and saw 6 of its levels.

You collected 205 gold pieces.

Inventory:

Hand Weapons
 c - a +0 whip of draining (weapon)
Armour
 d - a +0 leather armour (worn)
 k - a +0 pair of gloves (worn)
Jewellery
 o - an amulet of faith
Wands
 q - a wand of polymorph (13)
Scrolls
 a - 2 scrolls of noise {unknown}
 e - a scroll of acquirement {unknown}
 g - a scroll of enchant weapon {unknown}
 h - 4 scrolls of vulnerability {unknown}
 l - 2 scrolls of blinking {unknown}
 m - 2 scrolls of teleportation {unknown}
Potions
 b - 3 potions of magic
 f - a potion of resistance


   Skills:
 + Level 3.5 Dodging
 + Level 3.6 Stealth
 + Level 3.5 Spellcasting
 + Level 3.4 Conjurations
 + Level 4.4 Alchemy


You had 5 spell levels left.
You knew the following spells:

 Your Spells              Type           Power      Damage    Failure   Level
a - Sting                 Conj/Alch      56%        1d6       5%          1
b - Mephitic Cloud        Conj/Alch/Air  10%        N/A       28%         3
c - Olgreb's Toxic Radia  Alch           15%        N/A       41%         4

Your spell library contained the following spells:

 Spells                   Type           Power      Damage    Failure   Level
 Kiss of Death            Conj/Necr      28%        2d7       14%         1
 Mercury Vapours          Alch/Air       18%        N/A       16%         2
 Confusing Touch          Hex            2%         N/A       63%         3
 Gell's Gravitas          Tloc           2%         N/A       63%         3
 Teleport Other           Tloc           2%         N/A       63%         3
 Sticky Flame             Fire/Alch      9%         2d5       71%         4
 Dispel Undead            Necr           2%         3d7       95%         4
 Vhi's Electric Charge    Tloc/Air       4%         N/A       95%         4
 Arcjolt                  Conj/Air       3%         1d13      98%         5
 Dispersal                Tloc           1%         N/A       100%        6
 Plasma Beam              Fire/Air       1%         2x1d11    100%        6


Dungeon Overview and Level Annotations

Branches:
Dungeon (5/15)             Temple (1/1) D:4

Altars:
Ashenzari
Cheibriados
Dithmenos
Fedhas
Gozag
Hepliaklqana
Kikubaaqudgha
Makhleb
Nemelex Xobeh
Okawaru
Qazlal
Ru
Trog
Uskayaw
Wu Jian
Xom
Yredelemnul


Innate Abilities, Weirdness & Mutations

You have a pair of small horns on your head.
You regenerate a little health from kills.
You sometimes gain power by taking damage.
Your body sometimes deteriorates upon taking damage.
You are somewhat resistant to further mutation.


Message History

The phantom closely misses you.
You feel better.
The phantom hits you but does no damage.
You hit the phantom.
The phantom is heavily damaged.
The phantom barely misses you. Something hits you but does no damage.
You are poisoned.
You miss something.
You feel very sick. The phantom hits you.
* * * LOW HITPOINT WARNING * * *
Something hits you.
* * * LOW HITPOINT WARNING * * *
You are lethally poisoned!
You feel better. The phantom barely misses you. Something barely misses you.
Casting: Mephitic Cloud (quite dangerous; 28% risk of failure)
Confirm with . or Enter, or press ? or * to list all spells.
Aiming: Sting (safe; 5% risk of failure)
Press: ? - help, Shift-Dir - straight line The sting hits something.
The phantom misses you. Something hits you.
You are poisoned.
Unknown command.
You barely miss something. Your headbutt misses something.
You feel very sick. The phantom misses you. Something barely misses you.
The phantom hits you but does no damage.
You closely miss something.
You feel sick. Something hits you but does no damage.
You are lethally poisoned!
The phantom misses you.
You hit something. Your headbutt misses something.
* * * LOW HITPOINT WARNING * * *
You feel very sick. Something hits you.
* * * LOW HITPOINT WARNING * * *
You are more poisoned.
The phantom hits you.
* * * LOW HITPOINT WARNING * * *
You miss something.
You die...

#.# #.# #......#... #
#.#.##########.# #.####.#... #.
#.#.##......##.# #.# #.#..# #.#
#.#.##.#§......####'####.....
...#§#.#...#######>..........###
###.#.#.#.......# #...........+
..§...#......##+###...........#
###.#...#.###....W............#
#.#..)))# #..{@.............#
#.###.#####.................#
#..o.)...........############
#####......####### .
#####......# ..#oW.<......#
.......<.....# .............#
..o..........#


You could see a phantom.

Vanquished Creatures
  A phantom (D:4)
  2 scorpions (D:4)
  2 hounds
  An orc priest (D:5)
  An iguana (D:4)
  A sleepcap (D:4)
  An orc wizard (D:5)
  4 gnolls
  4 adders
  3 dart slugs
  2 ribbon worms
  5 orcs (D:5)
  7 ball pythons
  4 endoplasms
  5 giant cockroaches
  7 goblins
  9 hobgoblins
  6 jackals
  5 kobolds
  3 quokkas
  5 bats
  2 frilled lizards
  6 rats
86 creatures vanquished.

Vanquished Creatures (collateral kills)
  2 orcs (D:5)
2 creatures vanquished.

Grand Total: 88 creatures vanquished

Notes
Turn   | Place    | Note
-------+----------+-------------------------------------------
     0 | D:1      | Rassilon the Demonspawn Alchemist began the quest for the
                  | Orb.
     0 | D:1      | Reached XP level 1. HP: 13/13 MP: 3/3
    79 | D:1      | Found a faded altar of an unknown god.
   412 | D:1      | Gained mutation: You regenerate a little health from kills.
                  | [demonic ancestry]
   412 | D:1      | Reached XP level 2. HP: 19/19 MP: 3/5
   869 | D:1      | Gained mutation: You have a pair of small horns on your
                  | head. [demonic ancestry]
   869 | D:1      | Reached XP level 3. HP: 18/24 MP: 6/6
  1582 | D:2      | Gained mutation: You sometimes gain a little power by
                  | taking damage. [demonic ancestry]
  1582 | D:2      | Reached XP level 4. HP: 28/30 MP: 4/7
  1586 | D:2      | Learned a level 3 spell: Mephitic Cloud
  1591 | D:2      | Learned a level 4 spell: Olgreb's Toxic Radiance
  2072 | D:3      | Gained mutation: You are somewhat resistant to further
                  | mutation. [potion of mutation]
  2072 | D:3      | Gained mutation: Your body sometimes deteriorates upon
                  | taking damage. [potion of mutation]
  2669 | D:4      | Gained mutation: You sometimes gain power by taking damage.
                  | [demonic ancestry]
  2669 | D:4      | Reached XP level 5. HP: 32/35 MP: 5/9
  2862 | D:4      | Found a staircase to the Ecumenical Temple.
  2871 | Temple   | Entered the Ecumenical Temple
  3073 | D:4      | Reached skill level 4 in Alchemy
  3073 | D:4      | Reached XP level 6. HP: 41/41 MP: 8/10
  3481 | D:5      | Entered Level 5 of the Dungeon
  3629 | D:5      | Reached XP level 7. HP: 7/46 MP: 1/12
  3639 | D:5      | HP: 2/46 [phantom (3)]
  3640 | D:5      | Succumbed to an orc wizard's poison

Illustrated notes

Levels and vault maps discovered:
D:1:      minmay_arrival_pointy, layout_loops_corners,
          ebering_ecumenical_altar_mist
D:2:      layout_loops_ring
D:3:      layout_rooms, reono_crystal_passage
D:4:      layout_basic, minmay_temple_entry_statues_fountains
D:5:      layout_basic, uniq_crazy_yiuf_cottage
Temple:   nicolae_temple_slightly_damp_pantheon

Skill      XL: |  1  2  3  4  5  6 |
---------------+-------------------+-----
Stealth        | 2 3 |  3.6
Dodging        | 2 3 |  3.5
Conjurations   | 2 3 |  3.4
Spellcasting   | 3 |  3.5
Alchemy        | 4 |  4.4

Action                     |  1- 3 |  4- 6 |  7- 9 || total
---------------------------+-------+-------+-------++-------
  Melee: Unarmed           |     4 |       |       ||     4
         Whip              |    52 |   147 |     9 ||   208
         Punch             |     1 |       |       ||     1
         Headbutt          |     4 |    29 |     1 ||    34
   Cast: Sting             |    44 |    59 |     1 ||   104
         Mephitic Cloud    |       |     3 |       ||     3
    Use: Potion            |     1 |     6 |     2 ||     9
         Scroll            |     2 |     1 |       ||     3
   Stab: Sleeping          |     2 |     1 |       ||     3
         Distracted        |     1 |       |       ||     1
         Confused          |       |     1 |       ||     1
 Armour: Robe              |     2 |       |       ||     2
         Leather armour    |    35 |    96 |     9 ||   140
         Skin              |       |     9 |       ||     9
  Dodge: Dodged            |    53 |   167 |    10 ||   230
